 Dungeon Crawl Stone Soup version 0.24-a0-201-gf205589 (webtiles) character file.

Game seed: 5669536431739457217

457 Borgoz the Cutter (level 7, 0/57 HPs)
             Began as a Ghoul Gladiator on Mar 23, 2019.
             Slain by a gnoll shaman
             ... wielding a +0 whip
              (2 damage)
             ... on level 4 of the Dungeon.
             The game lasted 00:05:17 (2906 turns).

Borgoz the Cutter (Ghoul Gladiator)                 Turns: 2906, Time: 00:05:17

Health: 0/57       AC: 10    Str: 18    XL:     7   Next: 6%
Magic:  8/8        EV:  8    Int:  4    God:
Gold:   139        SH:  0    Dex: 11    Spells: 9/9 levels left

rFire    . . .     SeeInvis .   a - +0 rapier
rCold    + . .     Gourm    .   (no shield)
rNeg     + + +     Faith    .   j - +0 chain mail
rPois    ∞         Spirit   .   c - +0 helmet
rElec    .         Reflect  .   (no cloak)
rCorr    .         Harm     .   (no gloves)
MR       .....                  (no boots)
Stlth    ..........             (no amulet)
HPRegen  0.00/turn              (no ring)
MPRegen  0.11/turn              (no ring)

@: rotting
A: rotting body, claws 1, carnivore, cold resistance 1, negative energy
resistance 3, inhibited regeneration, torment resistance, unbreathing
a: no special abilities


You were on level 4 of the Dungeon.
You were not hungry.

You visited 2 branches of the dungeon, and saw 5 of its levels.

You collected 139 gold pieces.

Inventory:

Hand Weapons
 a - a +0 rapier (weapon)
 r - a +2 dagger of draining
Missiles
 i - 4 curare-tipped needles
 p - 3 javelins (quivered)
Armour
 c - a +0 helmet (worn)
 j - a +0 chain mail (worn)
Scrolls
 b - a scroll of teleportation {unknown}
 e - a scroll of fear {unknown}
 g - a scroll of immolation {unknown}
 n - a scroll of magic mapping {unknown}
 q - a scroll of identify {unknown}
Potions
 h - a potion of degeneration {unknown}
 k - a potion of cancellation {unknown}
 l - 2 potions of brilliance {unknown}
 m - a potion of haste {unknown}
 s - 2 potions of ambrosia {unknown}
 t - a potion of resistance {unknown}
 u - a potion of curing {unknown}
Comestibles
 f - 7 rations


   Skills:
 + Level 3.1 Fighting
 * Level 4.0 Short Blades
 + Level 2.6 Throwing
 * Level 2.5 Armour
 * Level 3.9 Dodging
 + Level 2.3 Stealth
 + Level 1.5 Spellcasting


You had 9 spell levels left.
You didn't know any spells.
Your spell library was empty.

Dungeon Overview and Level Annotations

Branches:
Dungeon (4/15)             Temple (1/1) D:4

Altars:
Dithmenos
Elyvilon
Fedhas
Hepliaklqana
Kikubaaqudgha
Makhleb
Nemelex Xobeh
Okawaru
Qazlal
Ru
Trog
Uskayaw
Vehumet
Wu Jian
Yredelemnul
Zin
The Shining One


Innate Abilities, Weirdness & Mutations

Your body is rotting away.
You thrive on raw meat.
You are immune to poison.
You have sharp fingernails.
You are carnivorous and can eat meat at any time.
Your flesh is cold resistant. (rC+)
You are immune to negative energy. (rN+++)
You do not regenerate when monsters are visible.
You are immune to unholy pain and torment.
You can survive without breathing.


Message History

The gnoll barely misses you. The gnoll shaman barely misses you.
You puncture the gnoll!
You kill the gnoll!
The gnoll hits you but does no damage. The gnoll shaman barely misses you.
You hit the gnoll.
The gnoll is moderately wounded.
The gnoll barely misses you.
The gnoll shaman hits you with a +0 whip.
* * * LOW HITPOINT WARNING * * *
You hit the gnoll but do no damage.
The gnoll is moderately wounded.
The gnoll hits you with a cursed +0 spear.
* * * LOW HITPOINT WARNING * * *
The gnoll shaman hits you with a +0 whip!
* * * LOW HITPOINT WARNING * * *
You hit the gnoll.
The gnoll is heavily wounded.
The gnoll hits you but does no damage.
The gnoll shaman hits you with a +0 whip.
You die...

##### ## ....# ##### (..
....# #.(.######+##....
....#####................
..)÷....'....(.g@........
###)#####......)g).......
##'## ###..............
#...# #..(...........
#...# #..............
#...# #..............
#...################....
#...'.....# ....
##...#####.# ...


You could see a gnoll shaman and a gnoll.

Vanquished Creatures
  2 ogres
  An orc priest (D:3)
  A hound (D:4)
  An orc wizard (D:3)
  4 gnolls (D:4)
  7 adders
  An ooze (D:3)
  3 worms
  2 dart slugs
  A leopard gecko (D:2)
  4 orcs
  9 bats
  3 giant cockroaches
  7 goblins
  7 hobgoblins
  7 jackals (D:1)
  5 kobolds
  3 quokkas
  4 ball pythons
  5 frilled lizards
  11 rats
  A plant (D:4)
89 creatures vanquished.

Notes
Turn   | Place    | Note
-------+----------+-------------------------------------------
     0 | D:1      | Borgoz the Ghoul Gladiator began the quest for the Orb.
     0 | D:1      | Reached XP level 1. HP: 17/17 MP: 0/0
    29 | D:1      | Reached XP level 2. HP: 22/24 MP: 1/1
   297 | D:1      | Reached XP level 3. HP: 30/30 MP: 2/2
   501 | D:1      | Reached skill level 3 in Short Blades
   692 | D:1      | Reached skill level 1 in Armour
   928 | D:2      | Noticed an ogre
   945 | D:2      | Killed an ogre
   945 | D:2      | Reached skill level 1 in Stealth
   945 | D:2      | Reached XP level 4. HP: 14/37 MP: 2/4
   945 | D:2      | Reached XP level 5. HP: 17/42 MP: 2/5
  1069 | D:2      | Reached skill level 1 in Spellcasting
  1349 | D:2      | Found a sparkling altar of Nemelex Xobeh.
  1361 | D:2      | Found an iron altar of Okawaru.
  2087 | D:3      | Found a blossoming altar of Fedhas.
  2095 | D:3      | Found an ancient bone altar of Kikubaaqudgha.
  2098 | D:3      | Found a bloodstained altar of Trog.
  2098 | D:3      | Found a basalt altar of Yredelemnul.
  2098 | D:3      | Found a glowing golden altar of the Shining One.
  2136 | D:3      | Reached XP level 6. HP: 46/50 MP: 6/6
  2505 | D:4      | Found a staircase to the Ecumenical Temple.
  2669 | Temple   | Entered the Ecumenical Temple
  2825 | D:4      | Reached skill level 4 in Short Blades
  2825 | D:4      | Reached XP level 7. HP: 22/57 MP: 8/8
  2905 | D:4      | HP: 2/57 [gnoll shaman/+0 whip (9)]
  2906 | D:4      | Slain by a gnoll shaman

Levels and vault maps discovered:
D:1:      erik_arrival_triangle_medium, layout_loops_ring, hex_tiny,
          moated_statue, roderic_serpentine_path, minivault_24
D:2:      layout_loops_ring, amethyst_overflow_temple_binary
D:3:      layout_loops_ring, grunt_temple_overflow_open, first_ration
D:4:      layout_basic, minmay_temple_entry_overgrown
Temple:   cyrus_temple_forest

Skill      XL: |  1  2  3  4  5  6 |
---------------+-------------------+-----
Dodging        | 3 |  3.9
Short Blades   | 3 4 |  4.0
Throwing       | 2 |  2.6
Armour         | 1 2 |  2.5
Stealth        | 1 2 |  2.3
Spellcasting   | 1 |  1.5
Fighting       | 3 |  3.1

Action                   |  1- 3 |  4- 6 |  7- 9 || total
-------------------------+-------+-------+-------++-------
Melee: Rapier            |   119 |   354 |    22 ||   495
Throw: Throwing net      |     1 |     2 |       ||     3
       Javelin           |       |       |     3 ||     3
  Use: Potion            |     1 |       |       ||     1
 Stab: Sleeping          |     1 |       |       ||     1
       Held in net/web   |     1 |       |       ||     1
  Eat: Chunk             |     6 |    26 |       ||    32
Armor: Leather armour    |    31 |       |       ||    31
       Chain mail        |    15 |   165 |     8 ||   188
Dodge: Dodged            |    62 |   117 |    18 ||   197

Table legend:
 A = Non-vault XP
 B = Vault XP
 C = Vault XP percentage of total XP
 D = Non-vault monster count
 E = Vault monster count
 F = Vault count percentage of total count
                 A         B        C        D         E       F
            +---------+---------+-------+---------+---------+-------
      Total |     654 |       0 |   0.0 |      88 |       0 |   0.0
            +---------+---------+-------+---------+---------+-------
        D:1 |      53 |       0 |   0.0 |      32 |       0 |   0.0
        D:2 |     205 |       0 |   0.0 |      23 |       0 |   0.0
        D:3 |     163 |       0 |   0.0 |      24 |       0 |   0.0
        D:4 |     233 |       0 |   0.0 |       9 |       0 |   0.0
            +---------+---------+-------+---------+---------+-------
